[Event "Early-Titled-Tuesday-Blitz-July-09-2024"]
[Site "Chess.com"]
[Date "2024.07.09"]
[Round "3"]
[White "Potosino1970"]
[Black "alexrustemov"]
[Result "1-0"]
[WhiteElo "2708"]
[BlackElo "2873"]
[TimeControl "180+1"]
[EndTime "8:27:50 PDT"]
[Termination "Potosino1970 won on time"]

1. e4 e6 2. d3 c5 3. g3 Nc6 4. Bg2 g6 5. f4 Bg7 6. Nf3 Nge7 7. O-O O-O 8. c3 b5 9. Be3 d6 10. d4 cxd4 11. cxd4 d5 12. e5 b4 13. Nbd2 a5 14. g4 Ba6 15. Re1 Bd3 16. Bf2 a4 17. Re3 Bb5 18. Bh4 Qb6 19. Nf1 Rfc8 20. Re1 Bh6 21. Qd2 b3 22. a3 Na5 23. Bxe7 Nc4 24. Qf2 Bxf4 25. Ng5 Ra7 26. Bf6 Bxg5 27. Bxg5 Nxb2 28.
Qf6 Qxd4+ 29. Be3 Qxg4 30. Bh6 Qd4+ 31. Kh1 1-0

[Event "Early-Titled-Tuesday-Blitz-July-09-2024"]
[Site "Chess.com"]
[Date "2024.07.09"]
[Round "3"]
[White "Alexander_Donchenko"]
[Black "Mikasinski"]
[Result "1-0"]
[WhiteElo "2915"]
[BlackElo "2706"]
[TimeControl "180+1"]
[EndTime "8:27:55 PDT"]
[Termination "Alexander_Donchenko won by checkmate"]

1. Nf3 Nf6 2. g3 e6 3. Bg2 d5 4.
O-O Be7 5. c4 O-O 6. d4 dxc4 7.
Qc2 a6 8. a4 Bd7 9. Qxc4 Bc6 10. Bf4 Nbd7 11. Nc3 a5 12. Rfd1 Nb6 13. Qb3 Bb4 14.
Rac1 Qe7 15. Ne5 Bxg2 16. Kxg2 Nbd5 17. e4 Nxf4+ 18. gxf4 Bxc3 19. bxc3 Nxe4 20. Qxb7 Nd6 21. Qf3 Nf5 22. Kh1 Qh4 23. Rb1 Rac8 24. Rb5 Rfd8 25.
Rxa5 c5 26. Rxc5 Rxc5 27. dxc5 Rxd1+ 28. Qxd1 h5 29. Qf3 Qe7 30. c6 Qc5 31. Qxh5 Qxc3 32. Qxf7+ Kh7 33. Qg6+ Kh8 34. Qxe6 Qe1+ 35. Kg2 Qe4+ 36.
Kh3 Qb1 37. Nf7+ Kg8 38. Ng5+ Kh8 39. Qe8# 1-0

[Event "Early-Titled-Tuesday-Blitz-July-09-2024"]
[Site "Chess.com"]
[Date "2024.07.09"]
[Round "3"]
[White "Lion-Al-Messi"]
[Black "YaWaleriy"]
[Result "1-0"]
[WhiteElo "2662"]
[BlackElo "2429"]
[TimeControl "180+1"]
[EndTime "8:27:56 PDT"]
[Termination "Lion-Al-Messi won by checkmate"]

1. e4 e6 2. d4 d5 3. exd5 exd5 4.
Bd3 c5 5. Nf3 c4 6. Be2 Bd6 7.
O-O Ne7 8. Re1 O-O 9. b3 cxb3 10.
axb3 Nbc6 11. c4 Bf5 12. c5 Bc7 13. Nc3 h6 14. Nb5 Bb8 15. Bd3 Bxd3 16. Qxd3 a6 17. g3 Re8 18. Be3 Qd7 19. Kg2 Nf5 20. Nc3 Bc7 21. Na4 Re7 22. Re2 Rae8 23. Rae1 Nxe3+ 24. Rxe3 Rxe3 25. Rxe3 Rxe3 26. Qxe3 Qe6 27. Qd3 Qe4 28. Qd1 Ba5 29. h3 f5 30. Kh2 g6 31.
h4 Kg7 32. h5 g5 33. Nb6 Bxb6 34. cxb6 g4 35. Nh4 Kf7 36. Qd2 Kg7 37. b4 Kh7 38. Qe3 Nxd4 39. Qc1 Nc6 40. Qc5 Qxb4 41. Qxd5 Qxb6 42. Qf7+ Kh8 43. Ng6# 1-0

[Event "Early-Titled-Tuesday-Blitz-July-09-2024"]
[Site "Chess.com"]
[Date "2024.07.09"]
[Round "3"]
[White "sofaceindisguise"]
[Black "MagnusCarlsen"]
[Result "0-1"]
[WhiteElo "2773"]
[BlackElo "3178"]
[TimeControl "180+1"]
[EndTime "8:27:58 PDT"]
[Termination "MagnusCarlsen won by resignation"]

1. d4 d6 2. e4 g6 3. Nc3 c6 4. Be3 Nf6 5. f3 b5 6. h4 h5 7. Qd2 Bg7 8. Nce2 Nbd7 9. Nh3 Nb6 10. Nef4 e5 11. dxe5 dxe5 12. Qxd8+ Kxd8 13. Nd3 Bxh3 14.
Rxh3 Nfd7 15. O-O-O Kc7 16. Nc5 Nxc5 17. Bxc5 Bh6+ 18.
Kb1 Rhd8 19. Bd3 Nd7 20. Bf2 Nf8 21. Rhh1 Ne6 22. g3 Bf8 23. Be3 Bc5 24. Bc1 Bf2 25.
Rh3 Nc5 26. Rf1 Nxd3 27. cxd3 Bc5 28. Kc2 Rd7 29. f4 Bd4 30. f5 c5 31. fxg6 fxg6 32. Rf6 Rd6 33. Rf3 Kb6 34. Rh1 Rc8 35. Rhf1 c4 36.
dxc4 Rxc4+ 37. Kb1 Bc5 38. Rf6 Rxe4 39. Rxd6+ Bxd6 40.
Rf6 Kc5 41. Rxg6 Re2 42. g4 hxg4 43. h5 Rh2 44. h6 Rh4 45. Bg5 Rh1+ 46. Kc2 Kd5 47.
Be3 Rh3 48. Bxa7 g3 49. Be3 Ke4 50. Bd2 Bc5 51. Rg4+ Kf3 52. Rg7 g2 53. Rf7+ Ke4 0-1

[Event "Early-Titled-Tuesday-Blitz-July-09-2024"]
[Site "Chess.com"]
[Date "2024.07.09"]
[Round "3"]
[White "Defenstrator"]
[Black "vikber19611"]
[Result "1-0"]
[WhiteElo "2411"]
[BlackElo "1665"]
[TimeControl "180+1"]
[EndTime "8:27:59 PDT"]
[Termination "Defenstrator won on time"]

1. e4 e5 2. f4 exf4 3. Bc4 Nf6 4. Nc3 c6 5. Qe2 d6 6. d4 Be7 7. Bxf4 Bg4 8. Nf3 O-O 9. O-O-O b5 10. Bb3 a5 11. e5 Ne8 12. a4 b4 13. Ne4 d5 14.
Ng3 Nc7 15. c3 Ne6 16. Be3 Nd7 17. Bc2 Nb6 18. h4 Nc4 19. Bxh7+ Kxh7 20. Ng5+ Bxg5 21. hxg5+ Kg8 22. Qxg4 Nxg5 23. Bxg5 f6 24. exf6 Qc8 25. Qh5 1-0

[Event "Early-Titled-Tuesday-Blitz-July-09-2024"]
[Site "Chess.com"]
[Date "2024.07.09"]
[Round "3"]
[White "osielchesslover2011"]
[Black "vedantgoswami"]
[Result "1-0"]
[WhiteElo "2193"]
[BlackElo "2390"]
[TimeControl "180+1"]
[EndTime "8:27:59 PDT"]
[Termination "osielchesslover2011 won by resignation"]

1. e4 d6 2. d4 Nc6 3. f4 e5 4.
d5 Nce7 5. fxe5 Ng6 6. Nf3 dxe5 7. Nc3 Bc5 8. h4 h5 9. Bg5 N8e7 10. Qd2 f6 11. Be3 Qd6 12. Nb5 Qb6 13. Bxc5 Qxc5 14. b4 Qb6 15. c4 c5 16. d6 Bd7 17. Nc7+ Kf7 18. Nxa8 Nc6 19. Nxb6 1-0

[Event "Early-Titled-Tuesday-Blitz-July-09-2024"]
[Site "Chess.com"]
[Date "2024.07.09"]
[Round "3"]
[White "Kotofeyca"]
[Black "jamengrand"]
[Result "1-0"]
[WhiteElo "2509"]
[BlackElo "2262"]
[TimeControl "180+1"]
[EndTime "8:28:00 PDT"]
[Termination "Kotofeyca won by resignation"]

1. d4 d5 2. c4 e6 3. Nc3 Nf6 4.
cxd5 Nxd5 5. g3 c5 6. Bg2 Nxc3 7. bxc3 cxd4 8. cxd4 Bb4+ 9. Bd2 Qa5 10. Rb1 Bxd2+ 11. Qxd2 Qxd2+ 12. Kxd2 O-O 13. Rxb7 Rd8 14. Rb2 Rxd4+ 15.
Ke3 Rd5 16. Bxd5 exd5 17. Nf3 Nc6 18. Rc1 Na5 19. Nd2 Ba6 20. Kf3 d4 21. Rc5 Nb7 22.
Rc6 1-0

[Event "Early-Titled-Tuesday-Blitz-July-09-2024"]
[Site "Chess.com"]
[Date "2024.07.09"]
[Round "3"]
[White "tylityli"]
[Black "CrimeFightingSpider07"]
[Result "0-1"]
[WhiteElo "2395"]
[BlackElo "2609"]
[TimeControl "180+1"]
[EndTime "8:28:01 PDT"]
[Termination "CrimeFightingSpider07 won by resignation"]

1. d4 Nf6 2. c4 e6 3. Nc3 d5 4.
cxd5 exd5 5. Bg5 Be7 6. e3 O-O 7. Bd3 b6 8. Nge2 Bb7 9. O-O Nbd7 10. a3 h6 11. Bf4 c5 12. h3 Ne4 13. Nxe4 dxe4 14. Bb5 Nf6 15. dxc5 Bxc5 16. Qxd8 Rfxd8 17.
Rfd1 Rac8 18. b4 Bf8 19. Rd4 Rxd4 20. Nxd4 Nd5 21. Bg3 g6 22. Be5 Bg7 23. Bxg7 Kxg7 24. Kf1 Nc3 25. Rc1 Nxb5 26. Rxc8 Nxd4 27. Rc7 Ba6+ 28. Ke1 Nb5 29. Re7 Kf6 30. Rxe4 Nxa3 31. Rd4 Nc2+ 0-1

[Event "Early-Titled-Tuesday-Blitz-July-09-2024"]
[Site "Chess.com"]
[Date "2024.07.09"]
[Round "3"]
[White "Nbk90"]
[Black "Balla_Tamas"]
[Result "0-1"]
[WhiteElo "2259"]
[BlackElo "2467"]
[TimeControl "180+1"]
[EndTime "8:28:04 PDT"]
[Termination "Balla_Tamas won by resignation"]

1. d4 d5 2. c4 e6 3. Nf3 c5 4. Nc3 Nc6 5. cxd5 exd5 6. dxc5 d4 7. Ne4 Qd5 8. Nd6+ Bxd6 9. cxd6 Qxd6 10. e3 Bg4 11. exd4 Bxf3 12. Qxf3 Nxd4 13. Qe4+ Ne7 14. Be3 Qb4+ 15. Kd1 Rd8 16. Bd3 f5 17. Qh4 Ng6 18.
Qh5 Nb3 19. axb3 Qxb3+ 20. Ke2 Qxd3+ 21. Ke1 O-O 22. Rd1 Qc2 23. Rxd8 Rxd8 24. f4 Qb1+ 25. Kf2 Qxh1 0-1

[Event "Early-Titled-Tuesday-Blitz-July-09-2024"]
[Site "Chess.com"]
[Date "2024.07.09"]
[Round "3"]
[White "JunjiCol"]
[Black "Slovineanu"]
[Result "1-0"]
[WhiteElo "2359"]
[BlackElo "2566"]
[TimeControl "180+1"]
[EndTime "8:28:07 PDT"]
[Termination "JunjiCol won by resignation"]

1. e4 c6 2. d4 d5 3. e5 Bf5 4.
Nf3 e6 5. Be2 Nd7 6. Be3 a6 7.
O-O h6 8. a4 Rc8 9. a5 c5 10. c4 Ne7 11. Nc3 cxd4 12. Nxd4 dxc4 13. Bf3 Bd3 14. Re1 Nc6 15. Nxc6 bxc6 16. Qa4 Nxe5 17.
Be4 Qh4 18. Bd4 Bd6 19. Bxe5 Bxe5 20. Bxc6+ Ke7 21. Rxe5 Rhd8 22. Qb4+ Kf6 23. Rae1 Rxc6 24. Nd5+ Rxd5 25. Rxd5 Kg6 26. Rxd3 cxd3 27. Qxh4 d2 28. Qe4+ f5 29. Qxe6+ Rxe6 30. Rxe6+ 1-0

[Event "Early-Titled-Tuesday-Blitz-July-09-2024"]
[Site "Chess.com"]
[Date "2024.07.09"]
[Round "3"]
[White "NowInChess"]
[Black "Kombinator01"]
[Result "0-1"]
[WhiteElo "2193"]
[BlackElo "2420"]
[TimeControl "180+1"]
[EndTime "8:28:07 PDT"]
[Termination "Kombinator01 won by resignation"]

1. e4 c5 2. d3 Nc6 3. g3 g6 4. Bg2 Bg7 5. f4 e6 6. Nf3 Nge7 7. O-O O-O 8. c3 d5 9. Be3 d4 10. Bf2 e5 11. fxe5 Nxe5 12. cxd4 Nxf3+ 13. Qxf3 Bxd4 14. Nc3 Be6 15. Nd5 Bxd5 16. exd5 Nf5 17. Rac1 Qd6 18. Kh1 Bxf2 19. Rxf2 Nd4 20. Qf4 Qxf4 21. gxf4 b6 22. Re1 Rfe8 23. Re4 Rad8 24. Rf1 a5 25. Rfe1 Kf8 26.
Kg1 Nc2 27. R1e2 Nb4 28. d4 cxd4 29. a3 Nd3 30. Rd2 Rxe4 31. Bxe4 Nxf4 32. Rxd4 Ne2+ 0-1

[Event "Early-Titled-Tuesday-Blitz-July-09-2024"]
[Site "Chess.com"]
[Date "2024.07.09"]
[Round "3"]
[White "atbenina64"]
[Black "orackbbama"]
[Result "1-0"]
[WhiteElo "2793"]
[BlackElo "2302"]
[TimeControl "180+1"]
[EndTime "8:28:10 PDT"]
[Termination "atbenina64 won by resignation"]

1. c4 Nf6 2. Nc3 g6 3. e4 d6 4.
d4 Bg7 5. Be2 O-O 6. Be3 e5 7.
d5 c6 8. g4 cxd5 9. cxd5 Na6 10. f3 Bd7 11. h4 h5 12. g5 Ne8 13. Nh3 Qa5 14. Qd2 Nc5 15. Rb1 Qd8 16. b4 Na4 17. Nxa4 Bxa4 18. b5 a6 19. bxa6 bxa6 20. Nf2 f5 21. gxf6 Bxf6 22. Rb7 Rf7 23. Rxf7 Kxf7 24. Nh3 Bxh4+ 25. Kf1 Kg8 26. Rg1 Kh7 27. Bg5 Bxg5 28. Nxg5+ Kg8 29. Ne6 Qf6 30. Qh6 1-0

[Event "Early-Titled-Tuesday-Blitz-July-09-2024"]
[Site "Chess.com"]
[Date "2024.07.09"]
[Round "3"]
[White "norwaytoadog"]
[Black "gshwbedhkhd"]
[Result "0-1"]
[WhiteElo "2346"]
[BlackElo "2588"]
[TimeControl "180+1"]
[EndTime "8:28:13 PDT"]
[Termination "gshwbedhkhd won by checkmate"]

1. e4 c5 2. Nf3 e6 3. d4 cxd4 4. Nxd4 Nf6 5. Nc3 Nc6 6. a3 Be7 7. Be3 O-O 8. Nb3 a6 9. Bd3 b5 10. f4 d6 11. Qf3 Qc7 12. O-O Bb7 13. g4 Nd7 14. g5 Nc5 15. Rad1 b4 16. axb4 Nxb4 17.
Nxc5 dxc5 18. b3 Rfd8 19. f5 exf5 20. Qxf5 Bf8 21. Bc4 Nxc2 22. Bxf7+ Kh8 23. Bf4 Qb6 24. Be6 c4+ 25. Kh1 Nd4 26. Rxd4 Qxd4 27. Be5 Qe3 28. Qf7 Bxe4+ 29. Nxe4 Qxe4+ 30. Kg1 Bc5+ 31. Rf2 Rd1# 0-1

[Event "Early-Titled-Tuesday-Blitz-July-09-2024"]
[Site "Chess.com"]
[Date "2024.07.09"]
[Round "3"]
[White "chrisclaireredfield"]
[Black "Ratkovic_Miloje"]
[Result "0-1"]
[WhiteElo "2509"]
[BlackElo "2795"]
[TimeControl "180+1"]
[EndTime "8:28:14 PDT"]
[Termination "Ratkovic_Miloje won by resignation"]

1. Nf3 a6 2. e4 e6 3. d4 d5 4. e5 Bd7 5. b3 c5 6. c4 cxd4 7. Nxd4 Nc6 8. Nf3 Bc5 9. cxd5 exd5 10. Qxd5 Qb6 11. Qd2 O-O-O 12. Bc4 Bb4 13. Nc3 Bh3 14. gxh3 Rxd2 15. Bxd2 Nd4 16. Nxd4 Qxd4 17. Rc1 Ne7 18. Bxf7 Kb8 19. Rc2 Bxc3 20. Bxc3 Qe4+ 0-1

[Event "Early-Titled-Tuesday-Blitz-July-09-2024"]
[Site "Chess.com"]
[Date "2024.07.09"]
[Round "3"]
[White "tgpgoat"]
[Black "Jakhongir-Vakhidov"]
[Result "0-1"]
[WhiteElo "2527"]
[BlackElo "3014"]
[TimeControl "180+1"]
[EndTime "8:28:14 PDT"]
[Termination "Jakhongir-Vakhidov won by resignation"]

1. Nf3 g6 2. d4 Nf6 3. g3 Bg7 4.
Bg2 O-O 5. O-O d5 6. c4 c6 7. Nc3 dxc4 8. Ne5 Ng4 9. h3 Nxe5 10. dxe5 Qxd1 11. Rxd1 Bxe5 12. Bh6 Bg7 13. Bxg7 Kxg7 14. Rac1 Nd7 15. Nb1 Nb6 16. Nd2 Be6 17. Ne4 Rad8 18. Nc5 Bc8 19. e4 e5 20. Bf1 Kf6 21. Kg2 Ke7 22.
Rxd8 Rxd8 23. Bxc4 Nxc4 24. Rxc4 b6 25. Nb3 c5 26.
Rc2 Bb7 27. f3 f5 28. Nd2 Rd4 29. exf5 gxf5 30. Kf2 h5 31. Ke2 Kf6 32. Nb3 Rd7 33.
Nd2 h4 34. g4 fxg4 35. hxg4 Kg5 36. Ke3 h3 37. Ne4+ Kh4 38. Nf2 Rf7 39. Ne4 Rf4 40. Nd6 Rxf3+ 41. Ke2 h2 42. Rc1 Rg3 43. Nf5+ Kxg4 44. Nxg3 Kxg3 45. Ke3 h1=Q 46. Rxh1 Bxh1 0-1

[Event "Early-Titled-Tuesday-Blitz-July-09-2024"]
[Site "Chess.com"]
[Date "2024.07.09"]
[Round "3"]
[White "EternalNight8"]
[Black "manitodeplomo"]
[Result "0-1"]
[WhiteElo "2378"]
[BlackElo "2603"]
[TimeControl "180+1"]
[EndTime "8:28:14 PDT"]
[Termination "manitodeplomo won by resignation"]

1. d4 d5 2. c4 c6 3. Nf3 dxc4 4. e4 b5 5. a4 e6 6. Bf4 Nf6 7. Nbd2 Bb4 8. Qc2 O-O 9. Be2 Nbd7 10. O-O Bb7 11. b3 c3 12. Nb1 a6 13. Bd3 h6 14. Nxc3 c5 15. axb5 cxd4 16. Ne2 Rc8 17.
Qb1 axb5 18. e5 Nd5 19. Bxb5 Nc3 20. Nxc3 dxc3 21. Qd3 Nc5 22. Qxd8 Rfxd8 23. Bc4 Bd5 24. Bxd5 Rxd5 25. Rac1 Nd3 26. Be3 Nxc1 27. Rxc1 Ba3 28. Ra1 Bb2 29. Rb1 c2 0-1

[Event "Early-Titled-Tuesday-Blitz-July-09-2024"]
[Site "Chess.com"]
[Date "2024.07.09"]
[Round "3"]
[White "BashirovKemal"]
[Black "iwanyu"]
[Result "0-1"]
[WhiteElo "2682"]
[BlackElo "2885"]
[TimeControl "180+1"]
[EndTime "8:28:18 PDT"]
[Termination "iwanyu won by resignation"]

1. d4 Nf6 2. Nf3 c5 3. e3 g6 4. b3 cxd4 5. exd4 Bg7 6. Bb2 O-O 7.
Nbd2 d5 8. Bd3 Nc6 9. O-O Nb4 10. Be2 Bf5 11. Ne1 Rc8 12. c3 Nc6 13. Bd3 Re8 14.
Bxf5 gxf5 15. Nd3 e6 16. Rc1 Ne7 17. Nf3 Ne4 18. Nd2 Bh6 19. f4 Bg7 20. Nxe4 fxe4 21. Ne5 f6 22. Ng4 Nf5 23. Qe2 Qa5 24. a4 Qa6 25.
Qf2 b5 26. Ra1 b4 27. cxb4 Qd3 28. Rfd1 Qxb3 29. Ba3 Rc2 30. Qe1 e3 31. Rdb1 Qd3 32. Rd1 Qe4 0-1

[Event "Early-Titled-Tuesday-Blitz-July-09-2024"]
[Site "Chess.com"]
[Date "2024.07.09"]
[Round "3"]
[White "VaglioSagan"]
[Black "Adar_07"]
[Result "1-0"]
[WhiteElo "2506"]
[BlackElo "2748"]
[TimeControl "180+1"]
[EndTime "8:28:21 PDT"]
[Termination "VaglioSagan won by checkmate"]

1. d4 Nf6 2. c4 e6 3. Nf3 d5 4.
Nc3 Be7 5. Bf4 O-O 6. e3 a6 7. cxd5 Nxd5 8. Nxd5 exd5 9. Bd3 Bb4+ 10. Nd2 c6 11.
O-O Nd7 12. a3 Be7 13. Qc2 Nf6 14. b4 Bg4 15. Be5 g6 16. h3 Be6 17. Nb3 Nd7 18.
Bg3 h5 19. Nc5 Nxc5 20. bxc5 h4 21. Be5 f6 22. Bh2 g5 23. Rab1 Qd7 24. Rb3 Ra7 25.
f4 Kg7 26. fxg5 fxg5 27. Bh7 Rxf1+ 28. Kxf1 Qe8 29. Rb1 Kh6 30. Kg1 Qf7 31. Bd3 Qg7 32. Bb8 Ra8 33. Rxb7 Bc8 34. Be5 Qf8 35. Rc7 Qe8 36.
Qf2 Be6 37. Bd6 Bd8 38. Bf8+ Kh5 39. Rh7# 1-0

[Event "Early-Titled-Tuesday-Blitz-July-09-2024"]
[Site "Chess.com"]
[Date "2024.07.09"]
[Round "3"]
[White "NikFil2013"]
[Black "myburger"]
[Result "0-1"]
[WhiteElo "2376"]
[BlackElo "2542"]
[TimeControl "180+1"]
[EndTime "8:28:21 PDT"]
[Termination "myburger won by checkmate"]

1. d4 Nf6 2. c4 d6 3. Nf3 g6 4.
Nc3 Bg7 5. e4 O-O 6. Be2 Nc6 7.
O-O e5 8. d5 Ne7 9. b4 a5 10.
Ba3 Ne8 11. bxa5 Rxa5 12. Bb4 Ra8 13. a4 f5 14. c5 fxe4 15. Nxe4 Rf4 16. cxd6 Nxd6 17.
Bxd6 cxd6 18. Neg5 h6 19. Nh3 Bxh3 20. gxh3 Qd7 21.
h4 Qh3 22. Kh1 Raf8 23. Rb1 e4 24. Ng1 Qxh4 25. Rxb7 Be5 26. h3 Rxf2 27. Qe1 Rh2# 0-1

[Event "Early-Titled-Tuesday-Blitz-July-09-2024"]
[Site "Chess.com"]
[Date "2024.07.09"]
[Round "3"]
[White "ArmanGhevondyanchess"]
[Black "Msb2"]
[Result "0-1"]
[WhiteElo "2753"]
[BlackElo "3104"]
[TimeControl "180+1"]
[EndTime "8:28:24 PDT"]
[Termination "Msb2 won by resignation"]

1. Nf3 d5 2. d4 e6 3. g3 Nf6 4. Bg2 Bd6 5. O-O O-O 6. c4 Nc6 7. Nc3 dxc4 8. Qa4 e5 9. dxe5 Nxe5 10. Nxe5 Bxe5 11. Qxc4 c6 12. Rd1 Qe7 13. Be3 Be6 14. Qc5 Qxc5 15. Bxc5 Rfd8 16. f4 Bxc3 17. bxc3 Rxd1+ 18. Rxd1 Bxa2 19. Ra1 Bc4 20. e4 a5 21. e5 Nd5 22.
Bxd5 Bxd5 23. Kf2 a4 24. Ke3 f6 25. Kd4 b5 26. Ba3 Kf7 27. Re1 Re8 28. Bd6 h5 29.
f5 fxe5+ 30. Rxe5 Ra8 31. Ba3 Ra7 32. f6 gxf6 33. Rxh5 Kg6 34. Rh8 Rd7 35. h4 Kg7 36. Rb8 Bc4+ 37. Kc5 Rd3 38. Bb4 Rxg3 39. Kxc6 Rh3 40.
Kd6 Rxh4 41. Ke7 Re4+ 42. Kd6 f5 43. Rb7+ Kg6 44. Bc5 f4 45. Bd4 f3 46. Rg7+ Kf5 47. Rg1 Rxd4+ 48. cxd4 f2 0-1

[Event "Early-Titled-Tuesday-Blitz-July-09-2024"]
[Site "Chess.com"]
[Date "2024.07.09"]
[Round "3"]
[White "ilovejokes555"]
[Black "Zarinur"]
[Result "1-0"]
[WhiteElo "2334"]
[BlackElo "2556"]
[TimeControl "180+1"]
[EndTime "8:28:27 PDT"]
[Termination "ilovejokes555 won on time"]

1. e4 e5 2. Nf3 Nc6 3. Bc4 Nf6 4. d3 Bc5 5. c3 d6 6. a4 a5 7. Bb3 h6 8. O-O O-O 9. Nbd2 Be6 10. Bc2 Re8 11. h3 d5 12. Re1 Bf8 13. Nf1 Qd7 14.
Ng3 Rad8 15. Qe2 g6 16. Nh4 Nh7 17. Qf3 dxe4 18. dxe4 Be7 19. Nhf5 gxf5 20. exf5 Bd5 21. Qg4+ Kh8 22. Bxh6 Rg8 23. Qh5 Bf6 24. Rad1 Qe7 25. Bc1 1-0

[Event "Early-Titled-Tuesday-Blitz-July-09-2024"]
[Site "Chess.com"]
[Date "2024.07.09"]
[Round "3"]
[White "maracayo"]
[Black "Andrei_Skvortsov"]
[Result "0-1"]
[WhiteElo "2410"]
[BlackElo "2802"]
[TimeControl "180+1"]
[EndTime "8:28:27 PDT"]
[Termination "Andrei_Skvortsov won by resignation"]

1. e4 e6 2. Nf3 d5 3. d3 Nf6 4.
Nbd2 Nc6 5. Be2 Bc5 6. O-O dxe4 7.
dxe4 O-O 8. c3 a5 9. Qc2 Qe7 10. e5 Nd7 11. Qe4 f5 12. exf6 gxf6 13. Bc4 Nb6 14. Nb3 Nxc4 15. Qxc4 Bb6 16. Bh6 Rd8 17.
Rad1 Kh8 18. Rfe1 Rg8 19. Nbd4 Nxd4 20. cxd4 c6 21. Bf4 Bc7 22. Bxc7 Qxc7 23. Qc5 a4 24.
Qh5 Ra5 25. Qh4 Rf5 26. Re3 Rf4 27. Qh6 Qd6 28. g3 Rf5 29. Nh4 Rf4 30. Kh1 Rfg4 31.
Qxf6+ R4g7 32. Nf5 Qd5+ 0-1

[Event "Early-Titled-Tuesday-Blitz-July-09-2024"]
[Site "Chess.com"]
[Date "2024.07.09"]
[Round "3"]
[White "krucki03"]
[Black "Kirill_Klukin"]
[Result "0-1"]
[WhiteElo "2517"]
[BlackElo "2918"]
[TimeControl "180+1"]
[EndTime "8:28:29 PDT"]
[Termination "Kirill_Klukin won by resignation"]

1. d4 Nf6 2. Nf3 e6 3. c3 d5 4.
Bg5 Nbd7 5. Nbd2 Be7 6. e3 h6 7.
Bh4 b6 8. Bd3 Bb7 9. O-O Ne4 10.
Bxe7 Qxe7 11. Qe2 O-O 12. Ba6 Bxa6 13. Qxa6 Nxd2 14. Nxd2 c5 15. a4 Nb8 16. Qe2 Nc6 17.
Rfb1 Rfc8 18. Qd3 e5 19. dxe5 Qxe5 20. Nf3 Qe6 21. Rd1 Rd8 22. h3 Rd7 23. Qb5 Rad8 24. Rd2 Na5 25. b4 Nb3 26. Rdd1 Nxa1 27. Rxa1 Qf6 28. Rc1 Rc7 29. bxc5 Rxc5 30. Qb3 Rdc8 31. Nd4 Qg6 32. Nb5 a6 33. Nd4 Rc4 34. Rb1 Rxc3 35. Qxb6 Rc1+ 36. Kh2 Qxb1 0-1

[Event "Early-Titled-Tuesday-Blitz-July-09-2024"]
[Site "Chess.com"]
[Date "2024.07.09"]
[Round "3"]
[White "wadsy27"]
[Black "IMVadim"]
[Result "0-1"]
[WhiteElo "2636"]
[BlackElo "2443"]
[TimeControl "180+1"]
[EndTime "8:28:29 PDT"]
[Termination "IMVadim won by resignation"]

1. e4 c5 2. Nf3 d6 3. Bb5+ Nd7 4. Ba4 Nf6 5. O-O Nxe4 6. d4 cxd4 7. Nxd4 Nc5 8. Bb3 Nxb3 9. axb3 g6 10. Re1 Bg7 11.
Bg5 Nf6 12. Qe2 O-O 13. Qxe7 Qxe7 14. Rxe7 Nd5 15. Re4 h6 16. Be3 f5 17. Re6 Bxd4 18.
Rxg6+ Kf7 19. Rxd6 Nxe3 20. fxe3 Bxe3+ 21. Kh1 Be6 22.
Nc3 Rfd8 23. Rad1 Ke7 24. Rxd8 Rxd8 25. Re1 Bd2 26. Ra1 Bxc3 27. bxc3 a6 28. Kg1 Rd2 29. Rc1 Bd5 30. c4 Rxg2+ 31. Kf1 Be4 32. b4 Rxh2 0-1

[Event "Early-Titled-Tuesday-Blitz-July-09-2024"]
[Site "Chess.com"]
[Date "2024.07.09"]
[Round "3"]
[White "nekotyanof"]
[Black "nj123456"]
[Result "0-1"]
[WhiteElo "2670"]
[BlackElo "2494"]
[TimeControl "180+1"]
[EndTime "8:28:31 PDT"]
[Termination "nj123456 won by checkmate"]

1. e4 c6 2. Nc3 d5 3. Nf3 dxe4 4.
Nxe4 Nf6 5. Qe2 Nxe4 6. Qxe4 Qd5 7. Qh4 Qe6+ 8. Be2 Qg4 9. Qg3 Qxg3 10. hxg3 g6 11.
d4 Bg7 12. Bh6 O-O 13. Kd2 Rd8 14. c3 c5 15. Bxg7 Kxg7 16. Rh4 Nc6 17. Rah1 h5 18. Ke3 Bg4 19. dxc5 Rd5 20. b4 Rad8 21. Bc4 Bxf3 22. gxf3 Rd2 23. Re1 Ne5 24. Be2 Rxa2 25. Re4 Nc6 26.
Bb5 e6 27. Bxc6 bxc6 28. Rd4 Rd5 29. f4 Kf6 30. f3 Ra3 31. Rc1 a5 32. Ke4 axb4 33.
cxb4 Rb3 34. Rcd1 Ke7 35. g4 f5+ 36. gxf5 gxf5# 0-1

[Event "Early-Titled-Tuesday-Blitz-July-09-2024"]
[Site "Chess.com"]
[Date "2024.07.09"]
[Round "3"]
[White "vladjianu"]
[Black "gpsji27"]
[Result "1-0"]
[WhiteElo "2579"]
[BlackElo "2341"]
[TimeControl "180+1"]
[EndTime "8:28:32 PDT"]
[Termination "vladjianu won by resignation"]

1. d4 d5 2. c4 e6 3. Nc3 Nf6 4. cxd5 exd5 5. Bg5 Be7 6. e3 c6 7.
Bd3 Nbd7 8. h3 h6 9. Bh4 Ne4 10. Bxe7 Qxe7 11. Bxe4 dxe4 12. Nge2 O-O 13. Ng3 f5 14.
O-O Nf6 15. Rb1 Be6 16. Qe2 b5 17. b3 Rac8 18. Rfc1 b4 19. Na4 Nd5 20. Qa6 Qd7 21.
Ne2 g5 22. Rb2 Bf7 23. Rbc2 Ne7 24. Qa5 Bd5 25. Nc5 Qd6 26. Qxa7 f4 27. Qd7 Qf6 28. exf4 Rcd8 29. Qg4 Kh8 30. Nd7 Rxd7 31. Qxd7 gxf4 32. Nxf4 Rg8 33. Nxd5 Qf3 34. Ne3 Nd5 35. Rxc6 1-0

[Event "Early-Titled-Tuesday-Blitz-July-09-2024"]
[Site "Chess.com"]
[Date "2024.07.09"]
[Round "3"]
[White "Tagir45"]
[Black "simonachess"]
[Result "1-0"]
[WhiteElo "2618"]
[BlackElo "2331"]
[TimeControl "180+1"]
[EndTime "8:28:32 PDT"]
[Termination "Tagir45 won by resignation"]

1. d4 Nf6 2. Nf3 e6 3. c4 b6 4. a3 Bb7 5. Nc3 Be7 6. d5 O-O 7. e4 exd5 8. cxd5 d6 9. Bd3 c5 10. O-O Nfd7 11. Bf4 a6 12. a4 Re8 13. Re1 Bf8 14.
h3 Ne5 15. Nxe5 dxe5 16. Bd2 Nd7 17. Nb1 Qc7 18. Na3 Reb8 19. Bf1 Nf6 20. Nc4 b5 21. Ba5 Qe7 22. Nb6 c4 23. Nxa8 Bxa8 24. axb5 axb5 25.
b3 cxb3 26. Qxb3 Nh5 27. Red1 Qf6 28. Bb4 Bxb4 29. Qxb4 Nf4 30. Qxb5 Rd8 31. Rdb1 h5 32. Qb6 Qg5 33. Qe3 h4 34. Ra7 Qg6 35. Rba1 1-0

[Event "Early-Titled-Tuesday-Blitz-July-09-2024"]
[Site "Chess.com"]
[Date "2024.07.09"]
[Round "3"]
[White "Juicy_Fork"]
[Black "Puzzlebot_1294"]
[Result "0-1"]
[WhiteElo "2453"]
[BlackElo "2679"]
[TimeControl "180+1"]
[EndTime "8:28:33 PDT"]
[Termination "Puzzlebot_1294 won on time"]

1. e4 e5 2. Nf3 Nc6 3. Bb5 a6 4. Ba4 d6 5. O-O Bd7 6. c4 g6 7. d4 Bg7 8. dxe5 Nxe5 9. Nxe5 Bxe5 10. f4 Bg7 11. e5 dxe5 12. Qxd7+ Qxd7 13. Bxd7+ Kxd7 14. fxe5 Ke6 15. Nc3 Bxe5 16. Bf4 Bd4+ 17. Kh1 f5 18. Nd5 Kf7 19. Rad1 c5 20. Rfe1 Re8 21. Rxe8 Kxe8 22. Rxd4 cxd4 23. Be5 d3 24. Bxh8 d2 25. Nc3 Nh6 26. Kg1 Ng4 27. Nd1 f4 28. Kf1 Nxh2+ 29. Ke2 Kf8 30. Be5 g5 31. Kxd2 Ng4 32. Bd6+ Kf7 33.
c5 Ke6 34. Nc3 Nf6 35. Kd3 h6 36. Ne4 Nd5 37. Bf8 Nb4+ 38. Kc4 Nd5 39. Bxh6 Ne3+ 0-1

[Event "Early-Titled-Tuesday-Blitz-July-09-2024"]
[Site "Chess.com"]
[Date "2024.07.09"]
[Round "3"]
[White "Pavlov_Sergey"]
[Black "BobbyFischer1508"]
[Result "1-0"]
[WhiteElo "2663"]
[BlackElo "2442"]
[TimeControl "180+1"]
[EndTime "8:28:33 PDT"]
[Termination "Pavlov_Sergey won by resignation"]

1. c4 Nf6 2. Nf3 e6 3. g3 c5 4.
Bg2 Be7 5. O-O O-O 6. Nc3 d6 7. d4 cxd4 8. Nxd4 a6 9. b3 Qc7 10. Bb2 Nc6 11. Rc1 Nxd4 12. Qxd4 Rb8 13. Rfd1 b6 14. e4 Bb7 15. Na4 Ba8 16. e5 Bxg2 17.
exd6 Bxd6 18. Qxd6 Qb7 19. Qxb6 Qf3 20. Qe3 Qc6 21.
Bxf6 gxf6 22. Rd4 Kh8 23. Rh4 e5 24. Nc5 Rbd8 25. Qh6 1-0